 Dungeon Crawl Stone Soup version 0.25-a0-447-gff83419037 (webtiles) character file.

Game seed: 4774600137593009716, levelgen mode: deterministic

53 Archen the Chopper (level 3, -1/49 HPs)
             Began as a Minotaur Berserker on Jan 31, 2020.
             Was a Believer of Trog.
             Slain by a gnoll
             ... wielding a +0 flail
              (3 damage)
             ... on level 2 of the Dungeon.
             The game lasted 00:01:32 (800 turns).

Archen the Chopper (Minotaur Berserker)              Turns: 800, Time: 00:01:33

Health: -1/49      AC:  2    Str: 27    XL:     3   Next: 62%
Magic:  2/2        EV: 12    Int:  4    God:    Trog [**....]
Gold:   33         SH:  0    Dex:  9    Spells: 2/2 levels left

rFire    . . .     SeeInvis .   a - +0 hand axe
rCold    . . .     Gourm    .   (no shield)
rNeg     . . .     Faith    .   b - +0 animal skin
rPois    .         Spirit   .   (helmet restricted)
rElec    .         Reflect  .   (no cloak)
rCorr    .         Harm     .   (no gloves)
MR       .....                  (no boots)
Stlth    ..........             (no amulet)
HPRegen  0.16/turn              (no ring)
MPRegen  0.08/turn              (no ring)

@: berserking (expiring), lightly drained, very quick
A: retaliatory headbutt, horns 2
a: Berserk, Trog's Hand, Renounce Religion


You were on level 2 of the Dungeon.
You worshipped Trog.
Trog was pleased with you.
You were not hungry.

You visited 1 branch of the dungeon, and saw 2 of its levels.

You collected 33 gold pieces.

Inventory:

Hand Weapons
 a - a +0 hand axe (weapon)
Missiles
 h - 26 arrows
Armour
 b - a +0 animal skin (worn)
Scrolls
 d - a scroll of enchant armour {unknown}
 f - a scroll of remove curse {unknown}
 i - 2 scrolls of identify {unknown}
Potions
 e - 2 potions of mutation {unknown}
 g - a potion of agility {unknown}
Comestibles
 c - a ration
 j - 3 chunks of flesh


   Skills:
 + Level 4.1(3.8) Fighting
 * Level 4.5(4.3) Axes
 + Level 3.0(2.8) Armour
 + Level 2.7(2.5) Dodging


You had 2 spell levels left.
You didn't know any spells.
Your spell library was empty.

Dungeon Overview and Level Annotations

Branches:
Dungeon (2/15)

Altars:


Innate Abilities, Weirdness & Mutations

You reflexively headbutt those who attack you in melee.
You have a pair of horns on your head.


Message History

You closely miss the gnoll. You barely miss the gnoll.
The gnoll hits you with a +0 whip!
* * * LOW HITPOINT WARNING * * *
The gnoll hits you.
* * * LOW HITPOINT WARNING * * *
You hit the gnoll but do no damage. You headbutt the gnoll.
The gnoll is heavily wounded.
You hit the gnoll. You closely miss the gnoll. You slash the gnoll!
You kill the gnoll!
Trog accepts your kill.
Your base Armour skill increases to level 3!
The gnoll hits you but does no damage. The gnoll closely misses you.
You slash the gnoll!
You kill the gnoll!
Trog accepts your kill.
You barely miss the gnoll. You closely miss the gnoll.
The gnoll hits you with a +0 whip.
* * * LOW HITPOINT WARNING * * *
The gnoll hits you with a +0 flail.
You die...

# #...#
###...##############.
.....................
.##...#######.#####.
.##...# #.# ..#...#
#####'##### #.#...#
#..!....?.# #.....#
#.......g?#### ##....#
#.......@)...#
##.###.........##g.?.#
##. .........# ....#
.....<...# ....#
.........# ....#
........# ..(... .$..
....... ###....


You could see 2 gnolls.

Vanquished Creatures
  2 gnolls (D:2)
  2 oozes
  2 leopard geckos
  A giant cockroach (D:1)
  6 goblins
  3 hobgoblins
  3 bats
  A frilled lizard (D:1)
  A kobold (D:1)
  4 rats (D:1)
25 creatures vanquished.

Notes
Turn   | Place    | Note
-------+----------+-------------------------------------------
     0 | D:1      | Archen the Minotaur Berserker began the quest for the Orb.
     0 | D:1      | Reached XP level 1. HP: 19/19 MP: 0/0
   336 | D:1      | Reached XP level 2. HP: 27/27 MP: 1/1
   580 | D:1      | Reached ** piety under Trog
   792 | D:2      | Reached XP level 3. HP: 30/33 MP: 2/2
   800 | D:2      | HP: 2/49 [gnoll/+0 whip (1)]
   800 | D:2      | Slain by a gnoll

Levels and vault maps discovered:
D:1:      wander_arrival_fairy_ring, layout_loops_ring, minmay_tetromino_s4
D:2:      layout_basic, corexii_hall_statues_l, st_stairs_10,
          grunt_decor_fettered, fountainhead

Skill      XL: |  1  2  3 |
---------------+----------+-----
Axes           | 4 |  4.5
Fighting       | 4 |  4.1
Armour         | 3 |  3.0
Dodging        | |  2.7

Action                   || total
-------------------------++-------
Melee: Hand axe          ||    58
       Headbutt          ||    13
Invok: Berserk           ||     1
Armor: Animal skin       ||     6
Dodge: Dodged            ||    38

Table legend:
 A = Non-vault XP
 B = Vault XP
 C = Vault XP percentage of total XP
 D = Non-vault monster count
 E = Vault monster count
 F = Vault count percentage of total count
                 A         B        C        D         E       F
            +---------+---------+-------+---------+---------+-------
      Total |      74 |       2 |   2.6 |      24 |       1 |   4.0
            +---------+---------+-------+---------+---------+-------
        D:1 |      31 |       2 |   6.1 |      17 |       1 |   5.6
        D:2 |      43 |       0 |   0.0 |       7 |       0 |   0.0
            +---------+---------+-------+---------+---------+-------
